AoeStats
← Tamanoir

Arena

511030073Analyzed
3v3 RM · 3h ago on Oct 3, 2026· 54m 55s· 6 players
Game mode
Random Map
Map size
Normal (6 player)
Population
200
Speed
Normal
Resources
Standard
Victory
Conquest
Starting age
Dark Age
Ending age
Imperial Age
RankedLock teamsTeams togetherTeam positionsShared explorationLock speedFull tech treeHidden civsTurbo modeCheats
Victory
Defeat
🇧🇪 Tupi · Belgium
1256
+15
🇩🇪 Armenians · Germany
1223
+17
🇦🇷 Burgundians · Argentina
1188
+18
🇦🇷 Saracens · Argentina
1307
-19
🇦🇷 Koreans · Argentina
1222
-16
🇦🇷 Huns · Argentina
1195
-15
unameru
3:46 Double-Bit Axe
10:25 Feudal Age
13:05 Bow Saw
15:00 Castle Age
12:42 Horse Collar
15:04 Light Cavalry
18:41 Wheelbarrow
20:38 Heavy Plow
20:30 Gold Mining
21:22 Husbandry
23:15 Sanctity
23:08 Fervor
24:48 Hand Cart
25:24 Scale Barding Armor
28:30 Chain Barding Armor
28:49 Forging
28:42 Scale Mail Armor
29:17 Padded Archer Armor
28:48 Pikeman
29:28 Squires
32:15 Imperial Age
30:07 Fortified Wall
30:38 Iron Casting
31:27 Chain Mail Armor
33:09 Two-Man Saw
32:41 Crop Rotation
32:31 Leather Archer Armor
32:31 Town Watch
32:32 Loom
34:15 Chemistry
32:43 Halberdier
34:02 Plate Mail Armor
35:05 Blast Furnace
39:21 Elite Skirmisher
42:54 Treadmill Crane
43:25 Masonry
43:10 Murder Holes
43:55 Hussar
45:05 Conscription
46:19 Plate Barding Armor
47:15 Hoardings
46:50 Burgundian Vineyards
49:12 Fletching
49:44 Ballistics
49:54 Architecture
50:38 Hussar
53:01 Bodkin Arrow
The_Physicist
5:15 Loom
11:48 Feudal Age
16:40 Castle Age
14:54 Double-Bit Axe
15:13 Horse Collar
15:54 Gold Mining
15:57 Man-at-Arms
16:56 Long Swordsman
17:58 Arson
19:16 Scale Mail Armor
24:56 Two-Handed Swordsman
26:40 Forging
26:57 Heavy Plow
27:03 Gambesons
28:07 Chain Mail Armor
29:17 Wheelbarrow
29:24 Iron Casting
30:10 Squires
29:52 Champion
33:38 Hand Cart
34:10 Bow Saw
34:49 Gold Shaft Mining
37:00 Imperial Age
34:50 Stone Mining
35:16 Town Watch
36:28 Town Watch
37:24 Fortified Wall
39:03 Blast Furnace
38:34 Plate Mail Armor
37:27 Capped Ram
39:03 Ballistics
39:15 Fereters
39:49 Conscription
39:51 Pikeman
41:17 Murder Holes
41:49 Halberdier
42:50 Fletching
43:04 Siege Ram
47:36 Chemistry
46:38 Padded Archer Armor
50:18 Bodkin Arrow
50:39 Leather Archer Armor
50:46 Bombard Tower
50:08 Treadmill Crane
50:38 Masonry
Tamanoir
10:46 Feudal Age
10:24 Loom
11:11 Champi Runner
15:45 Scale Mail Armor
15:56 Forging
25:31 Fletching
27:14 Double-Bit Axe
31:38 Castle Age
32:03 Wheelbarrow
31:14 Town Watch
33:46 Horse Collar
35:52 Hand Cart
36:39 Bow Saw
42:37 Ballistics
43:41 Bodkin Arrow
44:35 Padded Archer Armor
49:00 Murder Holes
50:47 Leather Archer Armor
56:16 Imperial Age
monk
11:44 Feudal Age
16:06 Castle Age
17:19 Double-Bit Axe
18:38 Bow Saw
20:37 Town Watch
20:36 Horse Collar
26:36 Forging
27:29 Wheelbarrow
29:12 Iron Casting
28:43 Scale Barding Armor
30:34 Bloodlines
30:25 Husbandry
33:14 Chain Barding Armor
37:08 Imperial Age
35:43 Gold Mining
35:46 Stone Mining
36:04 Husbandry
38:16 Conscription
40:12 Blast Furnace
43:28 Heavy Plow
44:09 Gold Shaft Mining
44:35 Two-Man Saw
43:08 Elite Mameluke
45:17 Light Cavalry
48:19 Scale Mail Armor
48:56 Plate Barding Armor
48:18 Pikeman
48:59 Squires
48:44 Arson
51:25 Hussar
The Babuino1162
10:30 Feudal Age
11:10 Double-Bit Axe
18:05 Loom
19:04 Horse Collar
19:44 Gold Mining
23:51 Castle Age
22:00 Scale Barding Armor
22:06 Forging
23:07 Bloodlines
23:54 Light Cavalry
25:10 Bow Saw
25:11 Husbandry
26:11 Chain Barding Armor
28:33 Wheelbarrow
35:38 Stone Mining
37:31 Heavy Plow
39:54 Gold Shaft Mining
49:16 Imperial Age
49:30 Hand Cart
Gus_Fring
3:59 Loom
8:52 Feudal Age
12:13 Double-Bit Axe
14:40 Horse Collar
15:58 Fletching
23:04 Castle Age
23:01 Gold Mining
24:07 Bodkin Arrow
25:58 Ballistics
26:39 Scale Mail Armor
26:51 Forging
27:00 Arson
28:23 Wheelbarrow
30:32 Squires
32:15 Chain Mail Armor
33:41 Murder Holes
34:56 Iron Casting
34:51 Hand Cart
34:47 Town Watch
43:26 Imperial Age
42:33 Heavy Plow
42:48 Bow Saw
44:24 Gold Shaft Mining
43:39 Stone Mining
44:10 Bracer
45:13 Chemistry
44:53 Elite Skirmisher
45:54 Conscription
47:44 Two-Man Saw
49:40 Eupseong
50:55 Elite War Wagon
54:40 Stone Shaft Mining
Connection lost

Rejoining the realm…

Still unreachable

The connection could not be restored.

Session expired

The server has moved on; the page needs a fresh start.